 Dungeon Crawl Stone Soup version 0.15-a0-1363-g87d8b17 (webtiles) character file.

1061 Borgoz the Shield-Bearer (level 8, -5/63 HPs)
             Began as a Formicid Fighter on June 9, 2014.
             Slain by a scorpion (8 damage)
             ... on Level 5 of the Dungeon.
             The game lasted 00:33:19 (5853 turns).

Borgoz the Shield-Bearer (Formicid Fighter)         Turns: 5853, Time: 00:33:19

HP  -5/63        AC  8     Str 23      XL: 8   Next: 52%
MP  20/20        EV  8     Int  8      God:
Gold 205         SH 10     Dex 10      Spells:  0 memorised,  7 levels left

rFire  . . .     SeeInvis +     r - +0 great mace
rCold  . . .     Clarity  .     b - +0 scale mail
rNeg   . . .     rCorr    .     c - +0 shield
rPois  .         rRot     .     (helmet unavailable)
rElec  .         Spirit   .     (no cloak)
SustAb .         Warding  .     j - +0 pair of gloves
rMut   .         Stasis   +     (no boots)
Gourm  .                        (no amulet)
MR     .....                    (no ring)
                                x - ring of magical power

@: not resistant to hostile enchantments, extremely unstealthy
A: permanent stasis, dig shafts and tunnels, four strong arms, antennae 3
a: Dig, Shaft Self


You were on level 5 of the Dungeon.
You were very hungry.

You visited 2 branches of the dungeon, and saw 7 of its levels.

You collected 205 gold pieces.

Inventory:

Hand weapons
 a - a +0,+0 trident
 r - a +0,+0 great mace (weapon)
 G - a +4,+2 whip
 U - a +2,+0 mace of protection
Missiles
 I - 13 tomahawks (quivered)
Armour
 b - a +0 scale mail (worn)
 c - a +0 shield (worn)
 j - a +0 pair of gloves (worn)
 M - a +0 pair of boots
Comestibles
 d - 5 bread rations
 g - 7 fruits
 p - 2 meat rations
 u - 3 beef jerkies
 H - a slice of pizza
Scrolls
 h - 3 scrolls of identify {unknown}
 n - a scroll of fog {unknown}
 q - 4 scrolls of teleportation {unknown}
 s - a scroll of enchant weapon II {unknown}
 t - 6 scrolls of remove curse {unknown}
 w - 2 scrolls of recharging {unknown}
 y - a scroll of random uselessness {unknown}
 z - 3 scrolls of fear {unknown}
 B - a scroll of immolation {unknown}
 D - 2 scrolls of amnesia {unknown}
 E - a scroll of blinking {unknown}
Jewellery
 x - a ring of magical power (left hand)
 A - an uncursed ring of protection from cold {unknown}
Potions
 e - a potion of might
 f - 2 potions of magic {unknown}
 i - a potion of porridge
 k - a potion of degeneration {unknown}
 l - 2 potions of confusion {unknown}
 m - 3 potions of curing
 o - 2 potions of poison {unknown}
 v - a potion of resistance {unknown}
 C - a potion of berserk rage {unknown}
 F - a potion of agility {unknown}
 L - a potion of brilliance {unknown}


   Skills:
 + Level 5.5 Fighting
 + Level 3.1 Maces & Flails
 - Level 3.6 Polearms
 + Level 1.7 Throwing
 + Level 6.1 Armour
 + Level 6.6 Shields


You had 7 spell levels left.
You didn't know any spells.

Dungeon Overview and Level Annotations

Branches:
Dungeon (6/15)             Temple (1/1) D:5

Altars:
Ashenzari
Cheibriados
Dithmenos
Makhleb
Okawaru
Qazlal
Sif Muna
Vehumet
Xom
Yredelemnul
Zin
The Shining One


Innate Abilities, Weirdness & Mutations

Your are under a permanent stasis effect.
You can dig through walls and to a lower floor.
Your four strong arms can wield two-handed weapons with a shield.
You have a pair of large antennae on your head (SInv).


Message History

You hit the scorpion.
The scorpion is severely wounded.
You block the scorpion's attack.
You barely miss the scorpion.
The scorpion is severely wounded.
The scorpion stings you but does no damage. x2
You barely miss the scorpion.
The scorpion is severely wounded.
The scorpion stings you.
* * * LOW HITPOINT WARNING * * *
You closely miss the scorpion.
The scorpion is severely wounded.
The scorpion stings you.
* * * LOW HITPOINT WARNING * * *
The scorpion stings you.
* * * LOW HITPOINT WARNING * * *
You closely miss the scorpion.
The scorpion is severely wounded.
The scorpion stings you!
You die...

....................#
#.#.#.#.#
##############.#.##.#
#...#.#.. .......# #.#.#..#
###.#.### ######.#
#.....###### #.#.# # #.#
#.....'....# #.#.# # #.#
#.....####.###.#..
######.#####
#...######>....###
#..........###........#.#####
#............#.#@.......#..
######.._..#.#.#.s......#.#
........%......######.#.#.#
#####......#.####<..#.#.#.#
#...####.#......#.###.# #####
#.#.######.# #.# #.#.######.#
#.# ############.#........#
#.#######
....)........##########
#........


You could see a scorpion.

Vanquished Creatures
  The ghost of Borgoz the Shield-Bearer, an average FoFi (D:3)
  2 phantoms
  A centaur (D:5)
  A giant frog (D:6)
  A scorpion (D:6)
  2 hounds
  A giant frog skeleton (D:6)
  An orc wizard (D:5)
  3 worker ants
  A worker ant zombie (D:6)
  13 adders
  An inept feature mimic (D:2)
  4 worms
  An adder zombie (D:5)
  An adder skeleton (D:5)
  An orc skeleton (D:4)
  16 orcs
  4 ball pythons
  A bat zombie (D:5)
  12 giant cockroaches
  10 goblins
  5 hobgoblins
  11 kobolds
  5 quokkas
  9 bats
  4 giant geckos
  7 giant newts
  A hobgoblin zombie (D:3)
  8 jackals
  An orc zombie (D:5)
  A quokka zombie (D:5)
  11 rats
141 creatures vanquished.

Notes
Turn   | Place    | Note
--------------------------------------------------------------
     0 | D:1      | Borgoz, the Formicid Fighter, began the quest for the Orb.
     0 | D:1      | Reached XP level 1. HP: 18/18 MP: 1/1
    99 | D:1      | Reached XP level 2. HP: 21/24 MP: 3/3
   525 | D:2      | Reached skill level 4 in Shields
   525 | D:2      | Reached XP level 3. HP: 20/30 MP: 4/4
   753 | D:2      | Reached XP level 4. HP: 32/37 MP: 5/5
  1597 | D:3      | Reached XP level 5. HP: 31/42 MP: 7/7
  2070 | D:3      | Found a glowing golden altar of the Shining One.
  2183 | D:3      | Noticed Borgoz's ghost (average FoFi)
  2206 | D:3      | You fall through a shaft!
  2209 | D:4      | You fall through a shaft!
  2209 | D:5      | Entered Level 5 of the Dungeon
  2681 | D:5      | Reached XP level 6. HP: 48/48 MP: 8/8
  2712 | D:5      | Noticed a centaur
  2719 | D:5      | Killed a centaur
  2719 | D:5      | Reached skill level 5 in Shields
  2927 | D:5      | Found an iron altar of Okawaru.
  3369 | D:5      | Found a staircase to the Ecumenical Temple.
  3405 | Temple   | Entered the Ecumenical Temple
  3695 | D:5      | Found a shimmering altar of Xom.
  3707 | D:5      | Reached skill level 1 in Maces & Flails
  3780 | D:5      | Reached skill level 5 in Armour
  3963 | D:5      | Reached XP level 7. HP: 53/55 MP: 9/9
  4511 | D:4      | Noticed a phantom
  4571 | D:4      | Killed a phantom
  4571 | D:4      | Reached skill level 5 in Fighting
  5017 | D:3      | Killed Borgoz's ghost
  5017 | D:3      | Reached skill level 1 in Throwing
  5017 | D:3      | Reached skill level 6 in Shields
  5017 | D:3      | Reached XP level 8. HP: 56/62 MP: 11/11
  5852 | D:5      | HP: 2/63 [scorpion (2)]
  5853 | D:5      | Slain by a scorpion

Action                   |  1- 3 |  4- 6 |  7- 9 || total
-------------------------+-------+-------+-------++-------
Melee: Trident           |    75 |   216 |       ||   291
       Great mace        |       |    64 |   242 ||   306
Throw: Tomahawk          |       |       |     3 ||     3
 Abil: Shaft Self        |       |     2 |       ||     2
  Use: Potion            |       |       |     4 ||     4
